[Event "3rd Sunway Formentera-A 2024"]
[Site "Formentera"]
[Date "2024.04.09"]
[Round "1.1"]
[White "Donchenko, Alexander"]
[Black "Mohamed Anees M"]
[Result "1-0"]
[ECO "D45"]
[WhiteElo "2633"]
[BlackElo "2253"]
[Annotator "TA"]
[PlyCount "119"]
[EventDate "2024.04.03"]
[EventType "swiss"]
[EventCountry "ESP"]
[SourceTitle "playchess.com"]
[Source "ChessBase"]
[SourceQuality "1"]
[TimeControl "40/5400+30:1800+30"]

1. c4 c6 2. Nf3 d5 3. e3 Nf6 4. Nc3 e6 5. b3 Nbd7 6. Bb2 Bd6 7. Qc2 a6 8. d4 O-O 9. Bd3 dxc4 10. bxc4 e5 11. O-O exd4 12. exd4 Re8 13. Rfe1 Rxe1+ 14. Rxe1 Nf8 15. h3 Ng6 16. Bc1 Nf4 17. Bf1 Ne6 18. d5 ({Better is} 18. Ne4 $16) 18... cxd5 $11 19. Nxd5 Nxd5 20. cxd5 Nf8 21. Bb2 Ng6 22. Qc3 Bf8 23. Bc4 b5 24. Bb3 Bb7 25. h4 (25. d6 {feels hotter.} Rc8 26. Qd3 Qxd6 27. Qf5) 25... h6 26. Qd4 (26. h5 $1 $16 Nf4 27. Qe3 Nxd5 28. Qe4) 26... Qd6 27. h5 Ne7 $2 (27... Nf4 $16) 28. Re5 $2 (28. Ne5 $18 {[%cal Oe5f7] Black must now prevent Nxf7!} Nxd5 29. Rd1) 28... Rd8 $14 29. Bc2 (29. Nh4 $1 $14) 29... Bxd5 $11 (29... Nxd5 $2 30. Qe4 g6 31. Bb3 $16) 30. Qd3 f5 $2 (30... g6 $1 $11 {and Black is okay.}) 31. Rxd5 $1 $18 Nxd5 (31... Qxd5 $2 32. Bb3 $18) 32. Qxf5 Ne7 (32... Nf6 $2 33. Ne5 $18) 33. Bb3+ (33. Qh7+ Kf7) 33... Kh8 34. Qf7 Qd3 35. Kh2 $1 Qe2 $2 (35... Qf5 $16) 36. Bd4 Qe4 37. Bb6 $2 (37. Ne5 $1 $18 {[%cal Re5g6] White threatens Ng6+ and mate.} Kh7 (37... Qxd4 38. Ng6+ Kh7 39. Nxf8+ Kh8 40. Ne6 $16) (37... Qh4+ $2 38. Kg1 $18) 38. Ng6 Qxd4 (38... Rxd4 39. Nxf8+ Kh8 40. Ng6+ Kh7 41. Qf8) 39. Nxf8+ (39. Nxe7 $2 Qd6+ 40. Kg1 Bxe7 $19) 39... Kh8 40. Ne6 Qd6+ 41. g3) 37... Rb8 38. Bc7 Rc8 (38... Ra8 $1 $11 {remains equal.}) 39. Be5 (39. g4 $1 $16) 39... Qf5 $11 40. Qxf5 $1 Nxf5 41. Be6 Ne7 (41... Rc2 $11 42. Bxf5 Rxf2) 42. Bxc8 $14 Nxc8 43. Kg3 Nb6 44. Kf4 Nd5+ 45. Kf5 Kg8 46. Nd4 Kf7 {[%emt 0:01:27] [#]} (46... Nc3 $2 47. Ne6 Nxa2 48. Nxf8 (48. Kg6 Bb4 $16) 48... Kxf8 49. Kg6 $18) 47. g4 ({White should play} 47. Nc6 $1 $16) 47... Bc5 $2 {[%emt 0:02:29][%mdl 8192] [#]} ({Black should try} 47... b4 $14) 48. Bxg7 $1 $18 Kxg7 (48... Ne7+ 49. Ke4 (49. Kf4 Kxg7 50. Ne6+ Kf6 $16) 49... Kxg7 50. Ne6+ Kf6 51. Nxc5 $18) 49. Ne6+ Kf7 50. Nxc5 Nc3 $2 (50... a5 51. Nb7 Nc3) 51. f4 $18 (51. Nxa6 Nxa2 52. Ke5 b4 $11) 51... Nxa2 52. g5 $1 ({Stronger than} 52. Nxa6 b4 53. Nc5 Nc1 $11) 52... hxg5 53. fxg5 Nb4 54. h6 Nd5 55. g6+ ({Worse is} 55. Nxa6 Ne7+ 56. Ke5 Kg6 $11) 55... Kg8 56. Nd7 Ne7+ 57. Kf6 Nd5+ 58. Ke6 Nf4+ 59. Kf5 Nd5 60. Nf6+ 1-0

[Event "3rd Sunway Formentera-A 2024"]
[Site "Formentera"]
[Date "2024.04.09"]
[Round "1.2"]
[White "Cervantes Landeiro, Thalia"]
[Black "Ivanchuk, Vasyl"]
[Result "1/2-1/2"]
[ECO "D07"]
[WhiteElo "2219"]
[BlackElo "2611"]
[Annotator "TA"]
[PlyCount "109"]
[EventDate "2024.04.03"]
[EventType "swiss"]
[EventCountry "ESP"]
[SourceTitle "playchess.com"]
[Source "ChessBase"]
[SourceQuality "1"]
[TimeControl "40/5400+30:1800+30"]

1. d4 Nc6 2. c4 d5 3. cxd5 Qxd5 4. Nf3 e5 5. Nc3 Bb4 6. dxe5 Qxd1+ 7. Kxd1 Bg4 8. Bg5 h6 9. Bh4 Nge7 10. a3 (10. Kc2 $11) 10... Bxc3 $15 11. bxc3 Nf5 {...Bxf3 would now be deadly.} 12. Bg3 O-O-O+ 13. Kc2 {[#]} (13. Ke1 $15) 13... Rhe8 (13... Nxg3 $1 $17 14. hxg3 Bf5+ 15. Kc1 (15. Kb2 Rhe8 $17) 15... Rhe8) 14. e4 Nxg3 15. hxg3 Nxe5 16. Nxe5 Rxe5 17. f3 Bd7 18. a4 h5 19. Bc4 Be8 20. Bb5 g6 21. Bxe8 Rdxe8 {[%mdl 4096] Endgame. KRR-KRR} 22. Rad1 Rg5 23. Rh3 Rd8 24. Rd4 $1 b6 25. f4 Rg4 ({Black should play} 25... Ra5 $15 26. Kb3 Re8) 26. Kd3 h4 27. gxh4 Rxf4 28. Rxd8+ Kxd8 $11 {KR-KR} 29. Rf3 (29. Ke3 $11 {remains equal.} Rf1 30. g4 Re1+ 31. Kf4 Rf1+ 32. Ke5) 29... Rxh4 (29... Rxf3+ $17 30. gxf3 Ke7) 30. Rxf7 Rg4 31. Rf2 Ke7 32. a5 bxa5 33. Kd4 {The position is equal.} Ke6 34. Rb2 Kd6 35. Rb7 Rxg2 36. Rxa7 Rg5 37. Ra6+ c6 38. Ra7 Re5 39. Rg7 c5+ 40. Ke3 Rg5 41. Ra7 Ke5 {[#] Hoping for ...Rg3+.} 42. Rxa5 Rg3+ 43. Kd2 Kxe4 44. Rxc5 g5 45. Ke2 g4 46. Rc4+ Kf5 47. Rc5+ Kf4 48. Rc4+ Kg5 49. Kf2 Rd3 50. Rc8 Rf3+ 51. Kg2 Rd3 52. Rg8+ Kf4 53. Rf8+ Ke5 54. Rg8 Rxc3 55. Rxg4 {[%emt 0:58:25] Weighted Error Value: White=0.13 (very precise) /Black=0.10 (very precise) .  Mistake:       	White=3     	Black=3      Inaccurate:     	White=3     	Black=1      OK:         	White=22    	Black=17     Best:        	White=5     	---        Strong:       	White=1     	---} 1/2-1/2

[Event "3rd Sunway Formentera-A 2024"]
[Site "Formentera"]
[Date "2024.04.09"]
[Round "1.3"]
[White "Moussard, Jules"]
[Black "Krzywda, Andrzej"]
[Result "1-0"]
[ECO "D35"]
[WhiteElo "2610"]
[BlackElo "2214"]
[Annotator "TA"]
[PlyCount "83"]
[EventDate "2024.04.03"]
[EventType "swiss"]
[EventCountry "ESP"]
[SourceTitle "playchess.com"]
[Source "ChessBase"]
[SourceQuality "1"]
[TimeControl "40/5400+30:1800+30"]

1. c4 e6 2. Nc3 d5 3. d4 Nf6 4. cxd5 exd5 5. Bg5 c6 6. e3 h6 7. Bh4 Be7 8. Bd3 O-O 9. Bg3 Re8 10. h3 Nbd7 11. Nf3 {[%emt 0:00:30] White has an edge.} Bb4 12. O-O Qe7 13. Qc2 Ne4 14. Bf4 Ng5 (14... Ndf6 $11) 15. Nd2 (15. Bxg5 $1 $14 hxg5 16. Rae1) 15... Nf6 $11 16. Rfe1 Nh5 (16... Bd6 $11) 17. Bh2 Nf6 18. Be5 Nd7 19. Bg3 Nf6 20. a3 Bd6 21. Bxd6 Qxd6 22. f4 Ne6 23. Nf3 Bd7 24. Rad1 Rad8 25. Ne5 Bc8 26. Qf2 Nc7 27. Bb1 Re7 28. g4 Nd7 29. h4 {[%emt 0:02:50] White is much more active.} Nf8 30. Qg3 f6 31. Nf3 Qd7 32. f5 Nh7 33. Kf2 Ne8 {[%emt 0:00:13] Black cannot hold the game after this.} (33... Rde8 $16 {was worth a try.} 34. Ng1 Nf8) 34. e4 $18 {[%emt 0:02:10] Threatens to win with e5.} dxe4 35. Nxe4 b6 $2 {[%emt 0:00:29] [#]} (35... Nc7 {might work better.} 36. Ba2+ Nd5) 36. Ba2+ $1 Kh8 37. d5 {[%emt 0:00:10] White is clearly winning.} Rxe4 38. Rxe4 Nd6 39. Re6 c5 (39... Qc7 $142) 40. Rde1 {[%emt 0:00:00][%cal Oe6d6] [#] Strongly threatening Rxd6!} Nb5 41. Re7 Qd6 42. Re8+ {[%emt 0:00:13] Weighted Error Value: White=0.10 (very precise) /Black=0.29 (precise) .  Mistake:       	White=1     	Black=5      Inaccurate:     	White=4     	Black=3      OK:         	White=15    	Black=10     Best:        	White=4     	Black=1      Strong:       	White=1     	---} 1-0

[Event "3rd Sunway Formentera-A 2024"]
[Site "Formentera"]
[Date "2024.04.09"]
[Round "1.4"]
[White "Kazarian, Anna-Maja"]
[Black "Pranav Vijay"]
[Result "0-1"]
[ECO "D00"]
[WhiteElo "2207"]
[BlackElo "2252"]
[Annotator "RC"]
[PlyCount "58"]
[EventDate "2024.04.03"]
[EventType "swiss"]
[EventCountry "ESP"]
[SourceTitle "playchess.com"]
[Source "ChessBase"]
[SourceQuality "1"]
[TimeControl "40/5400+30:1800+30"]

1. d4 Nf6 2. Nc3 d5 3. Bf4 a6 4. e3 e6 5. h4 b5 6. g4 b4 7. Na4 Bd7 8. Nc5 Bxc5 9. dxc5 Nc6 10. Bg2 Ne4 11. Bxe4 dxe4 12. Bg3 Qf6 13. Rb1 e5 14. f3 exf3 15. Qxf3 Qg6 16. Bxe5 Bxg4 17. Qg2 O-O-O 18. h5 Qe6 19. Bf4 Rd5 20. Ne2 Rhd8 21. Rg1 f5 22. e4 Rxc5 23. exf5 Bxf5 24. Qxg7 Nd4 25. Rg2 Rxc2 26. Rc1 Nf3+ 27. Kf1 Rxc1+ 28. Bxc1 Bh3 29. Bf4 Qb6 0-1

[Event "3rd Sunway Formentera-A 2024"]
[Site "Formentera"]
[Date "2024.04.09"]
[Round "1.4"]
[White "Kazarian, Anna-Maja"]
[Black "Pranav, V."]
[Result "0-1"]
[ECO "D00"]
[WhiteElo "2207"]
[BlackElo "2604"]
[Annotator "TA"]
[PlyCount "58"]
[EventDate "2024.04.03"]
[EventType "swiss"]
[EventCountry "ESP"]
[SourceTitle "playchess.com"]
[Source "ChessBase"]
[SourceQuality "1"]
[TimeControl "40/5400+30:1800+30"]

1. d4 Nf6 2. Nc3 d5 3. Bf4 a6 4. e3 e6 5. h4 b5 6. g4 b4 7. Na4 Bd7 8. Nc5 {The position is equal.} (8. c4 $5) 8... Bxc5 9. dxc5 Nc6 10. Bg2 Ne4 11. Bxe4 dxe4 12. Bg3 $1 Qf6 13. Rb1 (13. Bxc7 $11 Qxb2 14. Ne2) 13... e5 $17 {Black converts the advantage convincingly.} 14. f3 (14. Qd5 $17 {was called for.}) 14... exf3 15. Qxf3 Qg6 16. Bxe5 $2 (16. h5 {is a better defense.} Qxc2 (16... Qxg4 $2 17. h6 $19) 17. Rd1) 16... Bxg4 $19 17. Qg2 O-O-O 18. h5 {White is weak on the light squares} (18. Bf4 $142) 18... Qe6 19. Bf4 Rd5 (19... Qxa2 $2 20. Qxc6 (20. Qxg4+ Kb7 $16) 20... Qa5 (20... Qxb1+ $2 21. Kf2 $18) 21. Ne2 $18) 20. Ne2 $2 (20. Nf3) 20... Rhd8 {[%cal Od5d2] Black is clearly winning.} (20... Bxh5 21. Qxg7 Rhd8 22. Qh6 $19) (20... Rxc5 21. O-O $19) 21. Rg1 (21. O-O $142) 21... f5 {[%cal Od5d2] [#] aiming for ...Rd2!} 22. e4 Rxc5 23. exf5 Bxf5 24. Qxg7 Nd4 (24... Qxa2 25. Qxc7#) 25. Rg2 Rxc2 {[%cal Oe6e4] [#] ( -> ...Qe4!)} 26. Rc1 Nf3+ ({Worse is} 26... Nxe2 27. Qxc7+ Rxc7 28. Rxc7+ Kb8 29. Rxe2 Qxa2 30. Rd7+ Kc8 31. Rc7+ Kb8 32. Rd7+ Ka8 (32... Kc8 33. Rc7+ Kb8 $11) 33. Rxd8+ Kb7 34. Re7+ Kc6 35. Rd6+ Kb5 (35... Kc5 36. b3 $11) 36. b3 (36. Re5+ Kc4 $16) 36... Qxb3 37. Re5+ Kc4 38. Rc6+ (38. Rxf5 $2 Qb1+ 39. Rd1 Qxf5 $19) 38... Kd4 39. Rd6+ Kc4 40. Rc6+ (40. Rxf5 $2 Qb1+ 41. Rd1 Qxf5 $19) 40... Kd4 41. Kf2 $11 (41. Rd6+ Kc4 $11)) 27. Kf1 Rxc1+ (27... Qxa2 $2 {perishes.} 28. Rxc2 (28. Bxc7 $2 {loses.} Rxc1+ 29. Nxc1 Qc4+ 30. Ne2 Re8 $19) 28... Qb1+ 29. Rc1 Rd1+ 30. Rxd1 Qxd1+ 31. Kf2 $18) 28. Bxc1 Bh3 (28... Qb6 $142 29. Nd4 Nxd4 (29... Qxd4 $2 30. Qxd4 Nxd4 31. Kf2 $19)) 29. Bf4 Qb6 {[%emt 0:14:45] Weighted Error Value: White=1.02/Black=0.62.  Mistake:       	White=6     	---        Inaccurate:     	White=1     	Black=2      OK:         	White=5     	Black=10     Best:        	---       	Black=1      Strong:       	White=1     	---} 0-1

[Event "3rd Sunway Formentera-A 2024"]
[Site "Formentera"]
[Date "2024.04.09"]
[Round "1.5"]
[White "Dragnev, Valentin"]
[Black "Neiman, Emmanuel"]
[Result "1-0"]
[ECO "C54"]
[WhiteElo "2571"]
[BlackElo "2193"]
[Annotator "TA"]
[PlyCount "111"]
[EventDate "2024.04.03"]
[EventType "swiss"]
[EventCountry "ESP"]
[SourceTitle "playchess.com"]
[Source "ChessBase"]
[SourceQuality "1"]
[TimeControl "40/5400+30:1800+30"]

1. e4 e5 2. Nf3 Nc6 3. Bc4 Bc5 4. d3 Nf6 5. O-O a6 6. c3 Ba7 7. Nbd2 {[%emt 0:00:30] 7.a4 is becoming the main line. C54: Giuoco Piano: 4 c3 Nf6, main lines with 5 d4 and 5 d3.} O-O 8. Re1 d6 9. Nf1 Na5 10. Bb3 Nxb3 11. axb3 Ng4 12. d4 f5 13. Bg5 Qd7 14. exf5 Qxf5 15. Be7 $146 (15. h3 $2 Nxf2 16. Kxf2 Qxg5 $19) ({Predecessor:} 15. Ng3 Qg6 16. Qd2 h6 17. Bh4 Be6 18. h3 Nf6 19. dxe5 Nh5 20. Kh2 Nf4 21. Be7 {0-1 Khlopushin,D (1824)-Zavgorodniaya,A (2011) Chigorin Memorial 24th 2016 (9)}) 15... Re8 (15... Nxf2 $5 16. Kxf2 Rf7 $14) 16. Bh4 e4 17. h3 Qg6 18. Qc2 Nh6 $1 19. Bg3 $1 Bd7 (19... exf3 $2 20. Qxg6 Rxe1 21. Qh5 $18) 20. N3d2 d5 21. Ne3 c6 22. b4 Bb8 23. Ndf1 Nf5 (23... Rf8 {with more complications.} 24. c4 Nf5 25. cxd5 Bxg3 26. fxg3 Nxe3 27. Nxe3 Qxg3 28. dxc6 Bxc6 29. Kh1 h6) 24. Nxf5 Bxf5 25. Re3 Bxg3 26. Nxg3 Rf8 27. Nf1 (27. Nxf5 $5 Rxf5 28. f3 $11) 27... Rf6 28. Rae1 Raf8 29. R1e2 Qf7 30. Qd2 Bg6 31. Qe1 Rf4 32. Rg3 Bh5 33. Rc2 Qf6 34. Ne3 h6 35. Rd2 (35. c4 $11) 35... Kh7 36. c4 Bf7 37. Ng4 Qh4 38. Qe3 Bh5 39. Ne5 dxc4 40. Nxc4 Qe7 41. Qc3 (41. d5 {is more complex.} Qxb4 42. d6 Qxc4 43. d7) 41... R8f5 42. Ne3 Rf6 43. d5 g5 44. Qc5 Qd6 45. Qb6 cxd5 46. Qxb7+ Rf7 47. Rxd5 (47. Qxd5 $14 Qf6 48. Ng4 Bxg4 49. Rxg4) 47... Rxb7 (47... Qf6 $1 $11 {remains equal.} 48. Rd7 Qxb2) 48. Rxd6 $16 Be2 (48... Rbf7 $16) 49. Nd5 $18 Rff7 (49... Rf5 {is a better defense.} 50. Rc3 Kg7) 50. Re3 Bc4 (50... Bd3 {was called for.} 51. Nf6+ Rxf6 52. Rxf6 Kg7) 51. Nf6+ $18 ({Don't play} 51. Rxe4 Bxd5 52. Rxd5 Rb6 $18) 51... Kg7 52. Nh5+ (52. Nxe4 Rxb4 53. Nd2 Bb5 $14) (52. Rxe4 Rxf6 53. Rxf6 Bd5 $11) 52... Kh7 53. Rxe4 Rxb4 $2 (53... Bb3 54. Rxa6 Rfe7 55. Rxe7+ Rxe7) 54. b3 $18 Rxb3 55. Rxc4 Rb1+ 56. Kh2 1-0

[Event "3rd Sunway Formentera-A 2024"]
[Site "Formentera"]
[Date "2024.04.09"]
[Round "1.6"]
[White "Bauer, Thomas"]
[Black "Sosa, Tomas"]
[Result "0-1"]
[ECO "B07"]
[WhiteElo "2192"]
[BlackElo "2562"]
[Annotator "TA"]
[PlyCount "86"]
[EventDate "2024.04.03"]
[EventType "swiss"]
[EventCountry "ESP"]
[SourceTitle "playchess.com"]
[Source "ChessBase"]
[SourceQuality "1"]
[TimeControl "40/5400+30:1800+30"]

1. e4 e5 2. d4 d6 3. Nc3 Nf6 4. h3 exd4 5. Qxd4 Nc6 6. Bb5 Bd7 7. Bxc6 Bxc6 8. Bf4 {[%emt 0:00:30] White is slightly better.} Be7 9. O-O-O O-O 10. g4 Re8 11. f3 Nd7 12. Nge2 Bg5 13. Kb1 a5 14. Qf2 Bxf4 15. Nxf4 b5 16. h4 b4 17. Nce2 a4 18. g5 b3 19. cxb3 axb3 20. a3 Ne5 21. Nc3 Ra5 (21... f5 $1 $11 {remains equal.}) 22. Rhg1 (22. Nfd5 $1 $16) 22... Qa8 23. Nh5 (23. Nfd5 $11 Bxd5 24. Rxd5) 23... Qa7 24. Qe2 (24. Qxa7 $11 {and White stays safe.} Rxa7 25. Rgf1) 24... Qa6 $2 ({Black should try} 24... Ra8 $1 $19 {[%cal Oe5c4] Strongly threatening ...Nc4!} 25. f4 Nc4 26. Nf6+ (26. Qxc4 Rxa3 $19) 26... Kh8) 25. Qf2 (25. Qxa6 $11 Rxa6 26. Rgf1) 25... Qa7 $2 (25... Qc4 $15 26. Qe3 Kf8) 26. Qe2 $19 {[%emt 0:00:30] [#]} Qa6 $2 (26... Ra8 $1 $19 {[%cal Oe5c4] Hoping for ...Nc4!} 27. f4 Nd3 28. Qxd3 Rxa3) 27. Qf2 {[%emt 0:00:30] f4 would now be deadly.} Qc4 {[%emt 0:00:30][%cal Oe5f3] ...Nxf3! is the strong threat.} 28. Rg2 Rea8 {[%emt 0:00:30][%cal Oa5a3] Threatens to win with ...Rxa3! Black is more active.} (28... Rxa3 29. Nf6+ gxf6 30. gxf6+ Kf8 31. Qg1) 29. Qe3 {[%emt 0:00:30] [#]} (29. Nf4 $1 $11 {and White has nothing to worry.}) 29... Qb4 $1 30. Qf2 $2 {[%emt 0:00:30] [#] White does not recover from this.} (30. Nf6+ $17 Kh8 (30... gxf6 31. gxf6+) 31. Ncd5 (31. axb4 $2 Ra1#) (31. f4 $2 Rxa3 32. bxa3 Qxa3 $19)) 30... Rxa3 $1 31. bxa3 Qxc3 32. Nf6+ Kh8 (32... gxf6 $142 33. gxf6+ Kh8) 33. Qe1 (33. Qd4 $142 Qxd4 (33... Qxf3 $2 34. Rf2 $19) 34. Rxd4 gxf6 35. gxf6 Nxf3 (35... Rxa3 $2 36. Rb4 $19) 36. Rb4) 33... Qxe1 {[%emt 0:00:30] Black is clearly winning.} 34. Rxe1 gxf6 35. Rc1 f5 36. Rc3 fxe4 37. f4 e3 38. Re2 Be4+ 39. Kb2 Nd3+ 40. Kxb3 Rb8+ 41. Kc4 Nxf4 {[%emt 0:03:51] ( -> ...Bd5+)} 42. Rexe3 Bd5+ 43. Kd4 c5+ {[%emt 0:00:30] Weighted Error Value: White=0.57/Black=0.36.  Loses game:     	White=2     	---        Missed win:     	---       	Black=2      Mistake:       	White=4     	Black=2      Inaccurate:     	White=7     	Black=4      OK:         	White=10    	Black=8      Best:        	---       	Black=1      Brilliant:      	---       	Black=1} 0-1

[Event "3rd Sunway Formentera-A 2024"]
[Site "Formentera"]
[Date "2024.04.09"]
[Round "1.7"]
[White "Doluhanova, Evgeniya"]
[Black "Prado, Alexandra"]
[Result "1-0"]
[ECO "B07"]
[WhiteElo "2273"]
[BlackElo "1839"]
[Annotator "RC"]
[PlyCount "143"]
[EventDate "2024.04.03"]
[EventType "swiss"]
[EventCountry "ESP"]
[SourceTitle "playchess.com"]
[Source "ChessBase"]
[SourceQuality "1"]
[TimeControl "40/5400+30:1800+30"]

1. Nf3 g6 2. d4 Nf6 3. Nbd2 Bg7 4. e4 d6 5. Bb5+ c6 6. Bd3 O-O 7. O-O Nbd7 8. a4 Qc7 9. b3 c5 10. Bb2 cxd4 11. Nxd4 Nc5 12. Rc1 d5 13. exd5 Nxd3 14. cxd3 Qd8 15. d6 Qxd6 16. Nc4 Qf4 17. g3 Qc7 18. Re1 Qd8 19. Qe2 Re8 20. Ne5 e6 21. Nb5 Nd5 22. Ba3 Bf8 23. Qf3 f6 24. Bxf8 Rxf8 25. Nc4 e5 26. Ncd6 Be6 27. Nxb7 Qe7 28. Nc5 a6 29. Nxe6 Qxe6 30. Nd4 Qd7 31. Nc6 Nc7 32. d4 Ne6 33. dxe5 Ng5 34. Qd1 Qxd1 35. Rexd1 fxe5 36. Kg2 e4 37. Re1 Rfe8 38. Rc4 Re6 39. h4 Nf3 40. Rexe4 Ne1+ 41. Kf1 Rae8 42. Rxe6 Rxe6 43. Nd4 Re4 44. Rc8+ Kg7 45. Rc7+ Kg8 46. Nc2 Nf3 47. b4 Nd2+ 48. Kg2 Nb3 49. Rc3 Nd2 50. Rd3 Nb1 51. b5 Re6 52. Rd8+ Kg7 53. Nd4 Rf6 54. Ra8 axb5 55. axb5 Nc3 56. Ra6 Nxb5 57. Rxf6 Nxd4 58. Rb6 Nf5 59. Kh3 h5 60. f3 Nd4 61. Kg2 Nf5 62. Kf2 Kf7 63. Rb5 Nd4 64. Rd5 Nc6 65. Rc5 Nd4 66. Ke3 Nf5+ 67. Kf4 Nd4 68. Ke4 Ne2 69. g4 Kf6 70. Ke3 Ng1 71. g5+ Kf7 72. Rc1 1-0

[Event "3rd Sunway Formentera-A 2024"]
[Site "Formentera"]
[Date "2024.04.09"]
[Round "1.8"]
[White "Zhu, Hengyi"]
[Black "Stark, John"]
[Result "1/2-1/2"]
[ECO "B15"]
[WhiteElo "2282"]
[BlackElo "1954"]
[Annotator "RC"]
[PlyCount "82"]
[EventDate "2024.04.03"]
[EventType "swiss"]
[EventCountry "ESP"]
[SourceTitle "playchess.com"]
[Source "ChessBase"]
[SourceQuality "1"]
[TimeControl "40/5400+30:1800+30"]

1. d4 c6 2. e4 d5 3. Nd2 dxe4 4. Nxe4 Nf6 5. Nxf6+ exf6 6. c3 Bd6 7. Bd3 O-O 8. Qc2 Re8+ 9. Ne2 h5 10. O-O Qc7 11. h3 Nd7 12. Be3 Nf8 13. Rfe1 Bd7 14. Rad1 Ne6 15. d5 Nf4 16. Bh7+ Kh8 17. Bxf4 Bxf4 18. Bf5 Be5 19. Bxd7 Qxd7 20. c4 Qc7 21. b3 Rad8 22. dxc6 Qxc6 23. Nc3 Rxd1 24. Rxd1 Bxc3 25. Qxc3 g6 26. Qb4 Kg7 27. Rd6 Qe4 28. Rd7 Qb1+ 29. Kh2 Qf5 30. Qd2 Re4 31. Rd5 Qe6 32. a4 a6 33. a5 Re2 34. Qf4 Re5 35. Qd4 Rxd5 36. cxd5 Qd6+ 37. Kg1 Kf8 38. Qe4 Qe7 39. Qc4 Qe1+ 40. Kh2 Qxf2 41. d6 h4 1/2-1/2

[Event "3rd Sunway Formentera-A 2024"]
[Site "Formentera"]
[Date "2024.04.09"]
[Round "1.9"]
[White "Adarsh Tripathi"]
[Black "Botez, Alexandra"]
[Result "1-0"]
[ECO "D00"]
[WhiteElo "2304"]
[BlackElo "1970"]
[Annotator "RC"]
[PlyCount "51"]
[EventDate "2024.04.03"]
[EventType "swiss"]
[EventCountry "ESP"]
[SourceTitle "playchess.com"]
[Source "ChessBase"]
[SourceQuality "1"]
[TimeControl "40/5400+30:1800+30"]

1. d4 Nf6 2. Nc3 d5 3. Bf4 e6 4. Nb5 Na6 5. e3 Bb4+ 6. c3 Be7 7. a4 O-O 8. Bd3 c6 9. Na3 c5 10. Nb5 c4 11. Bc2 Bd7 12. Nf3 Bxb5 13. axb5 Nb8 14. Qb1 Qb6 15. g4 Ne4 16. Ne5 f5 17. gxf5 exf5 18. Rg1 Kh8 19. Bxe4 fxe4 20. Qd1 Qe6 21. Qh5 Nd7 22. Ng6+ Kg8 23. Qxd5 Kf7 24. Nh8+ Rxh8 25. Rxg7+ Kxg7 26. Qxe6 1-0

[Event "3rd Sunway Formentera-A 2024"]
[Site "Formentera"]
[Date "2024.04.09"]
[Round "1.10"]
[White "Lesniewski, Lucas"]
[Black "Mekhane, Adam"]
[Result "0-1"]
[ECO "E08"]
[WhiteElo "1975"]
[BlackElo "2307"]
[Annotator "RC"]
[PlyCount "94"]
[EventDate "2024.04.03"]
[EventType "swiss"]
[EventCountry "ESP"]
[SourceTitle "playchess.com"]
[Source "ChessBase"]
[SourceQuality "1"]
[TimeControl "40/5400+30:1800+30"]

1. d4 Nf6 2. Nf3 e6 3. c4 Bb4+ 4. Bd2 a5 5. g3 d5 6. Bg2 O-O 7. O-O Be7 8. Qc2 c6 9. Bf4 Nbd7 10. Nbd2 Nh5 11. Be3 f5 12. Nb3 Bd6 13. Rad1 Qe7 14. Bd2 Bc7 15. Nc1 Nhf6 16. Nd3 Ne4 17. Bf4 Bxf4 18. Nxf4 g5 19. Nd3 g4 20. Nfe5 Nxe5 21. Nxe5 Nf6 22. f3 Qg7 23. c5 h5 24. Qd2 Nd7 25. f4 Qh6 26. Kf2 h4 27. Rfe1 Nf6 28. Qe3 Kg7 29. Rd3 Rh8 30. Ra3 Bd7 31. Rb3 Rab8 32. Rb6 hxg3+ 33. hxg3 Ne4+ 34. Bxe4 dxe4 35. Nxd7 Qh2+ 36. Kf1 Qh3+ 37. Kf2 Qh2+ 38. Kf1 Rh3 39. Qg1 Rbh8 40. Qxh2 Rxh2 41. e3 Rc2 42. Kg1 Rh3 43. Ne5 Rxg3+ 44. Kf1 Rgg2 45. Rxb7+ Kh6 46. Rc1 Rcf2+ 47. Ke1 g3 0-1

[Event "3rd Sunway Formentera-A 2024"]
[Site "Formentera"]
[Date "2024.04.09"]
[Round "1.11"]
[White "Botez, Andrea"]
[Black "Valuet, Bertrand"]
[Result "0-1"]
[ECO "D00"]
[WhiteElo "1879"]
[BlackElo "2281"]
[Annotator "RC"]
[PlyCount "88"]
[EventDate "2024.04.03"]
[EventType "swiss"]
[EventCountry "ESP"]
[SourceTitle "playchess.com"]
[Source "ChessBase"]
[SourceQuality "1"]
[TimeControl "40/5400+30:1800+30"]

1. d4 Nf6 2. Nc3 d5 3. Bf4 c5 4. e3 c4 5. e4 e6 6. a3 Nc6 7. Be3 b5 8. e5 Nd7 9. Nh3 Rb8 10. Be2 b4 11. axb4 Rxb4 12. Ra2 Qb6 13. O-O Qb8 14. Qa1 Be7 15. Bf3 Nb6 16. g3 f6 17. exf6 Bxf6 18. Ne2 e5 19. c3 Bxh3 20. cxb4 Bxf1 21. Kxf1 exd4 22. b5 Nb4 23. Bf4 Qc8 24. Rxa7 O-O 25. Qa5 d3 26. Nc3 d4 27. Qxb4 dxc3 28. bxc3 Qh3+ 29. Bg2 Qe6 30. Ra6 Qe2+ 31. Kg1 Qe1+ 32. Bf1 Be7 33. Qb2 Rxf4 34. Ra1 d2 35. gxf4 d1=Q 36. Rxd1 Qxd1 37. Qe2 Qxe2 38. Bxe2 Bf6 39. Kg2 Bxc3 40. Kf3 Bd4 41. Bd1 Kf7 42. Bc2 h6 43. Ke2 Ke7 44. f5 Kd6 0-1

[Event "3rd Sunway Formentera-A 2024"]
[Site "Formentera"]
[Date "2024.04.09"]
[Round "1.12"]
[White "Tsatsalashvili, Keti"]
[Black "Sereinig, Eduard"]
[Result "1-0"]
[ECO "E97"]
[WhiteElo "2315"]
[BlackElo "1990"]
[Annotator "RC"]
[PlyCount "77"]
[EventDate "2024.04.03"]
[EventType "swiss"]
[EventCountry "ESP"]
[SourceTitle "playchess.com"]
[Source "ChessBase"]
[SourceQuality "1"]
[TimeControl "40/5400+30:1800+30"]

1. d4 Nf6 2. c4 g6 3. Nc3 Bg7 4. e4 d6 5. Nf3 O-O 6. Be2 e5 7. O-O Nc6 8. d5 Ne7 9. Nd2 Nd7 10. b4 f5 11. a4 a5 12. bxa5 Nc5 13. Ba3 Nxe4 14. Ndxe4 fxe4 15. Nxe4 Bf5 16. Bd3 Rxa5 17. Bb4 Ra8 18. a5 Bxe4 19. Bxe4 Nf5 20. Bxf5 gxf5 21. Bc3 f4 22. f3 Bf6 23. Qe2 Qd7 24. Rfb1 Rab8 25. Qe4 Kh8 26. Ra2 c6 27. Rab2 cxd5 28. Qxd5 Qf5 29. a6 b6 30. a7 Ra8 31. Qxd6 Rfd8 32. Qxb6 Bg7 33. Qf2 Qd3 34. Rb8 Qxc3 35. Rxa8 Rxa8 36. Rb8+ Bf8 37. Rxa8 Kg7 38. g3 Qb4 39. Rb8 1-0